Match 46477072
Unlisted

Match 46477072
End
Vickers Machine Gun Team
Construct Section Command Post
Dingo Light Scout Car
Infantry Section
Infantry Section
Grenade Package
Construct Platoon Command Post
Infantry Section
Humber Armored Car
Selects Heavy Armor Battlegroup
Selects Rigorous Vehicle Training
Humber Armored Car
Light Vehicle Training
6-pounder Anti-tank Gun Team
Royal Engineer Section
Construct Company Command Post
Selects Forward Repair Assembly
Matilda II Heavy Tank
Unlock Towed 17-pounder Anti-tank Guns
Foot Guards Section
Armored Vehicle Training
Selects Light Vehicle Withdraw and Refit
Selects Radio Net
Radio Net
Royal Engineer Section
Infantry Training
Crusader II Medium Tank
Crusader II Medium Tank
Selects Recon Artillery
Recon Artillery
17-pounder Anti-tank Gun Team
Team Weapon Training
Recon Artillery
Matilda II Heavy Tank
Recon Artillery
Crusader II Medium Tank
Radio Net
Dream
Iioka Sanzin
Stormless
Grunka Lunka
0
0

Comments sign in to comment!

No comments posted yet!